Workbook

Sheet Guidelines ENG
B2: Guideline for forms completion
B4: Forms which should be filled:
B5: Offer 1
B6: Offer 2 (optional)
B7: Offer 3 (optional)
B8: Offer 4 (optional)
B10: Summary
B11: This page will be filled automatically.
B14: Offer 1, 2, 3, 4
B16: Header:
B17: 1. Logistic Service Provider - fill out the name of your company
B18: 2. Hotel / Venue - Fill out the name of the hotel or the venue where you offer the event to take place. Please use for each separate hotel/venue a separate "Offer" page. For example, if you offer us two options of the hotels, then you have to fill out page "Offer 1" and page "offer 2".
... B69: 3. NOTE: If any of the service option presented in column C is not relevant, please choose "N/A" as the unit for given line.

Sheet Guidelines RU
B2: Руководство по заполнению формы
B4: Формы, которые необходимо заполнить:
B5: Offer 1
B6: Offer 2 (Альтернативная)
B7: Offer 3 (Альтернативная)
B8: Offer 4 (Альтернативная)
B10: Summary
B11: Эта страница будет заполнена автоматически.
B14: Offer 1, 2, 3, 4
B16: Заголовок:
B17: 1. Logistic Service Provider - заполните название вашей компании
B18: 2. Hotel / Venue - Заполните название отеля или места, где вы предлагаете провести мероприятие. Пожалуйста, используйте отдельную страницу "Offer" для каждого отдельного отеля/места. Например, если вы предлагаете нам два варианта отелей, то вам нужно заполнить страницу "Offer 1" и страницу "Offer 2".
... B69: 3. ЗАМЕТКА: Если какой-либо из представленных вариантов услуг в столбце C не подходит, выберите "N/A" в качестве единицы для данной строки.

Sheet Summary
A2: ='Offer 1'!B2 -> LOGISTIC SERVICE PROVIDER: | B2: ='Offer 1'!C2 -> 0
A3: ='Offer 1'!B5 -> DATES OF THE EVENT: | B3: ='Offer 1'!C5 -> 0
A4: ='Offer 1'!B6 -> CITY, COUNTRY: | B4: ='Offer 1'!C6 -> 0
A5: ='Offer 1'!B7 -> NUMBER OF PARTICIPANTS: | B5: ='Offer 1'!C7 -> 0
A6: ='Offer 1'!B8 -> BUDGET CURRENCY: | B6: ='Offer 1'!C8 -> 0
A9: ='Offer 1'!C3 -> 0 | B9: Offer 1 | C9: TOTAL incl. Logistics: | D9: ='Offer 1'!H2 -> 0 | F9: ='Offer 3'!C3 -> 0 | G9: Offer 3 | H9: TOTAL incl. Logistics: | I9: ='Offer 3'!H2 -> 0
C10: Subtotal Event Amount: | D10: ='Offer 1'!H3 -> 0 | H10: Subtotal Event Amount: | I10: ='Offer 3'!H3 -> 0
C11: Travel | D11: ='Offer 1'!H4 -> 0 | H11: Travel | I11: ='Offer 3'!H4 -> 0
C12: Accomodation | D12: ='Offer 1'!H5 -> 0 | H12: Accomodation | I12: ='Offer 3'!H5 -> 0
C13: Meals & Refreshments | D13: ='Offer 1'!H6 -> 0 | H13: Meals & Refreshments | I13: ='Offer 3'!H6 -> 0
C14: Conference Service | D14: ='Offer 1'!H7 -> 0 | H14: Conference Service | I14: ='Offer 3'!H7 -> 0
C15: Equipment / Tech Support | D15: ='Offer 1'!H8 -> 0 | H15: Equipment / Tech Support | I15: ='Offer 3'!H8 -> 0
C16: Event Materials | D16: ='Offer 1'!H9 -> 0 | H16: Event Materials | I16: ='Offer 3'!H9 -> 0
C17: Additional Services | D17: ='Offer 1'!H10 -> 0 | H17: Additional Services | I17: ='Offer 3'!H10 -> 0
C18: Logistic Support | D18: ='Offer 1'!H11 -> 0 | H18: Logistic Support | I18: ='Offer 3'!H11 -> 0
A21: ='Offer 2'!C3 -> 0 | B21: Offer 2 | C21: TOTAL incl. Logistics: | D21: ='Offer 2'!H2 -> 0 | F21: ='Offer 4'!C3 -> 0 | G21: Offer 4 | H21: TOTAL incl. Logistics: | I21: ='Offer 4'!H2 -> 0
C22: Subtotal Event Amount: | D22: ='Offer 2'!H3 -> 0 | H22: Subtotal Event Amount: | I22: ='Offer 4'!H3 -> 0
C23: Travel | D23: ='Offer 2'!H4 -> 0 | H23: Travel | I23: ='Offer 4'!H4 -> 0
C24: Accomodation | D24: ='Offer 2'!H5 -> 0 | H24: Accomodation | I24: ='Offer 4'!H5 -> 0
C25: Meals & Refreshments | D25: ='Offer 2'!H6 -> 0 | H25: Meals & Refreshments | I25: ='Offer 4'!H6 -> 0
C26: Conference Service | D26: ='Offer 2'!H7 -> 0 | H26: Conference Service | I26: ='Offer 4'!H7 -> 0
C27: Equipment / Tech Support | D27: ='Offer 2'!H8 -> 0 | H27: Equipment / Tech Support | I27: ='Offer 4'!H8 -> 0
C28: Event Materials | D28: ='Offer 2'!H9 -> 0 | H28: Event Materials | I28: ='Offer 4'!H9 -> 0
C29: Additional Services | D29: ='Offer 2'!H10 -> 0 | H29: Additional Services | I29: ='Offer 4'!H10 -> 0
C30: Logistic Support | D30: ='Offer 2'!H11 -> 0 | H30: Logistic Support | I30: ='Offer 4'!H11 -> 0

Sheet Offer 1
B2: LOGISTIC SERVICE PROVIDER: | G2: TOTAL incl. Logistics: | H2: =SUM(H4:H11) -> 0
B3: HOTEL / VENUE: | G3: Subtotal Event Amount: | H3: =SUM(H4:H10) -> 0
B4: OFFICIAL WEBSITE OF THE HOTEL/VENUE: | G4: Travel | H4: =H21 -> 0
B5: DATES OF THE EVENT: | G5: Accomodation | H5: =H31 -> 0
B6: CITY, COUNTRY: | G6: Meals & Refreshments | H6: =H41 -> 0
B7: NUMBER OF PARTICIPANTS: | G7: Conference Service | H7: =H48 -> 0
B8: BUDGET CURRENCY: | G8: Equipment / Tech Support | H8: =H62 -> 0
G9: Event Materials | H9: =H77 -> 0
G10: Additional Services | H10: =H87 -> 0
G11: Logistic Support | H11: =H96 -> 0
B13: SERVICE TYPE | C13: DESCRIPTION | D13: UNIT | E13: NUMBER OF UNITS | F13: NUMBER OF DAYS / NIGHTS / SERVICE | G13: PRICE PER UNIT | H13: AMOUNT | I13: COMMENTS:
B14: Travel | C14: Flight tickets (Route 1) | H14: =IFERROR(EventBudget[[#This Row],[NUMBER OF UNITS]]*EventBudget[[#This Row],[NUMBER OF DAYS / NIGHTS / SERVICE]]*EventBudget[[#This Row],[PRICE PER UNIT]],0) -> 0
B15: Travel | C15: Flight tickets (Route 2) | H15: =IFERROR(EventBudget[[#This Row],[NUMBER OF UNITS]]*EventBudget[[#This Row],[NUMBER OF DAYS / NIGHTS / SERVICE]]*EventBudget[[#This Row],[PRICE PER UNIT]],0) -> 0
B16: Travel | C16: Flight tickets (Route 3) | H16: =IFERROR(EventBudget[[#This Row],[NUMBER OF UNITS]]*EventBudget[[#This Row],[NUMBER OF DAYS / NIGHTS / SERVICE]]*EventBudget[[#This Row],[PRICE PER UNIT]],0) -> 0
B17: Travel | C17: Transfer Airport-Hotel-Airport | H17: =IFERROR(EventBudget[[#This Row],[NUMBER OF UNITS]]*EventBudget[[#This Row],[NUMBER OF DAYS / NIGHTS / SERVICE]]*EventBudget[[#This Row],[PRICE PER UNIT]],0) -> 0
B18: Travel | C18: Car rent | H18: =IFERROR(EventBudget[[#This Row],[NUMBER OF UNITS]]*EventBudget[[#This Row],[NUMBER OF DAYS / NIGHTS / SERVICE]]*EventBudget[[#This Row],[PRICE PER UNIT]],0) -> 0
B19: Travel | C19: Other | H19: =IFERROR(EventBudget[[#This Row],[NUMBER OF UNITS]]*EventBudget[[#This Row],[NUMBER OF DAYS / NIGHTS / SERVICE]]*EventBudget[[#This Row],[PRICE PER UNIT]],0) -> 0
B20: Travel | C20: Other | H20: =IFERROR(EventBudget[[#This Row],[NUMBER OF UNITS]]*EventBudget[[#This Row],[NUMBER OF DAYS / NIGHTS / SERVICE]]*EventBudget[[#This Row],[PRICE PER UNIT]],0) -> 0
B21: Subtotal Travel: | H21: =SUBTOTAL(9,H14:H20) -> 0
B23: Accomodation | C23: Single room with breakfast | H23: =IFERROR(EventBudget[[#This Row],[NUMBER OF UNITS]]*EventBudget[[#This Row],[NUMBER OF DAYS / NIGHTS / SERVICE]]*EventBudget[[#This Row],[PRICE PER UNIT]],0) -> 0
B24: Accomodation | C24: Single room without breakfast | H24: =IFERROR(EventBudget[[#This Row],[NUMBER OF UNITS]]*EventBudget[[#This Row],[NUMBER OF DAYS / NIGHTS / SERVICE]]*EventBudget[[#This Row],[PRICE PER UNIT]],0) -> 0
B25: Accomodation | C25: Double room with breakfast | H25: =IFERROR(EventBudget[[#This Row],[NUMBER OF UNITS]]*EventBudget[[#This Row],[NUMBER OF DAYS / NIGHTS / SERVICE]]*EventBudget[[#This Row],[PRICE PER UNIT]],0) -> 0
B26: Accomodation | C26: Double room without breakfast | H26: =IFERROR(EventBudget[[#This Row],[NUMBER OF UNITS]]*EventBudget[[#This Row],[NUMBER OF DAYS / NIGHTS / SERVICE]]*EventBudget[[#This Row],[PRICE PER UNIT]],0) -> 0
B27: Accomodation | C27: Early check-in | H27: =IFERROR(EventBudget[[#This Row],[NUMBER OF UNITS]]*EventBudget[[#This Row],[NUMBER OF DAYS / NIGHTS / SERVICE]]*EventBudget[[#This Row],[PRICE PER UNIT]],0) -> 0
B28: Accomodation | C28: Late check-out | H28: =IFERROR(EventBudget[[#This Row],[NUMBER OF UNITS]]*EventBudget[[#This Row],[NUMBER OF DAYS / NIGHTS / SERVICE]]*EventBudget[[#This Row],[PRICE PER UNIT]],0) -> 0
B29: Accomodation | C29: Other | H29: =IFERROR(EventBudget[[#This Row],[NUMBER OF UNITS]]*EventBudget[[#This Row],[NUMBER OF DAYS / NIGHTS / SERVICE]]*EventBudget[[#This Row],[PRICE PER UNIT]],0) -> 0
B30: Accomodation | C30: Other | H30: =IFERROR(EventBudget[[#This Row],[NUMBER OF UNITS]]*EventBudget[[#This Row],[NUMBER OF DAYS / NIGHTS / SERVICE]]*EventBudget[[#This Row],[PRICE PER UNIT]],0) -> 0
B31: Subtotal Accomodation: | H31: =SUBTOTAL(9,H23:H30) -> 0
B33: Meals & Refreshments | C33: Breakfast | H33: =IFERROR(EventBudget[[#This Row],[NUMBER OF UNITS]]*EventBudget[[#This Row],[NUMBER OF DAYS / NIGHTS / SERVICE]]*EventBudget[[#This Row],[PRICE PER UNIT]],0) -> 0
B34: Meals & Refreshments | C34: Lunch | H34: =IFERROR(EventBudget[[#This Row],[NUMBER OF UNITS]]*EventBudget[[#This Row],[NUMBER OF DAYS / NIGHTS / SERVICE]]*EventBudget[[#This Row],[PRICE PER UNIT]],0) -> 0
B35: Meals & Refreshments | C35: Dinner | H35: =IFERROR(EventBudget[[#This Row],[NUMBER OF UNITS]]*EventBudget[[#This Row],[NUMBER OF DAYS / NIGHTS / SERVICE]]*EventBudget[[#This Row],[PRICE PER UNIT]],0) -> 0
B36: Meals & Refreshments | C36: Coffee break #1 | H36: =IFERROR(EventBudget[[#This Row],[NUMBER OF UNITS]]*EventBudget[[#This Row],[NUMBER OF DAYS / NIGHTS / SERVICE]]*EventBudget[[#This Row],[PRICE PER UNIT]],0) -> 0
B37: Meals & Refreshments | C37: Coffee break #2 | H37: =IFERROR(EventBudget[[#This Row],[NUMBER OF UNITS]]*EventBudget[[#This Row],[NUMBER OF DAYS / NIGHTS / SERVICE]]*EventBudget[[#This Row],[PRICE PER UNIT]],0) -> 0
B38: Meals & Refreshments | C38: Mineral / Still water | H38: =IFERROR(EventBudget[[#This Row],[NUMBER OF UNITS]]*EventBudget[[#This Row],[NUMBER OF DAYS / NIGHTS / SERVICE]]*EventBudget[[#This Row],[PRICE PER UNIT]],0) -> 0
B39: Meals & Refreshments | C39: Other | H39: =IFERROR(EventBudget[[#This Row],[NUMBER OF UNITS]]*EventBudget[[#This Row],[NUMBER OF DAYS / NIGHTS / SERVICE]]*EventBudget[[#This Row],[PRICE PER UNIT]],0) -> 0
B40: Meals & Refreshments | C40: Other | H40: =IFERROR(EventBudget[[#This Row],[NUMBER OF UNITS]]*EventBudget[[#This Row],[NUMBER OF DAYS / NIGHTS / SERVICE]]*EventBudget[[#This Row],[PRICE PER UNIT]],0) -> 0
B41: Subtotal Meals & Refreshments: | H41: =SUBTOTAL(9,H33:H40) -> 0
B43: Conference Service | C43: Conference room rent >60 participants | H43: =IFERROR(EventBudget[[#This Row],[NUMBER OF UNITS]]*EventBudget[[#This Row],[NUMBER OF DAYS / NIGHTS / SERVICE]]*EventBudget[[#This Row],[PRICE PER UNIT]],0) -> 0
B44: Conference Service | C44: Conference room rent >20 participants | H44: =IFERROR(EventBudget[[#This Row],[NUMBER OF UNITS]]*EventBudget[[#This Row],[NUMBER OF DAYS / NIGHTS / SERVICE]]*EventBudget[[#This Row],[PRICE PER UNIT]],0) -> 0
B45: Conference Service | C45: Conference room rent <10 participants | H45: =IFERROR(EventBudget[[#This Row],[NUMBER OF UNITS]]*EventBudget[[#This Row],[NUMBER OF DAYS / NIGHTS / SERVICE]]*EventBudget[[#This Row],[PRICE PER UNIT]],0) -> 0
B46: Conference Service | C46: Other | H46: =IFERROR(EventBudget[[#This Row],[NUMBER OF UNITS]]*EventBudget[[#This Row],[NUMBER OF DAYS / NIGHTS / SERVICE]]*EventBudget[[#This Row],[PRICE PER UNIT]],0) -> 0
B47: Conference Service | C47: Other | H47: =IFERROR(EventBudget[[#This Row],[NUMBER OF UNITS]]*EventBudget[[#This Row],[NUMBER OF DAYS / NIGHTS / SERVICE]]*EventBudget[[#This Row],[PRICE PER UNIT]],0) -> 0
B48: Subtotal Conference Room: | H48: =SUBTOTAL(9,H43:H47) -> 0
B50: Equipment / Tech Support | C50: Screen | H50: =IFERROR(EventBudget[[#This Row],[NUMBER OF UNITS]]*EventBudget[[#This Row],[NUMBER OF DAYS / NIGHTS / SERVICE]]*EventBudget[[#This Row],[PRICE PER UNIT]],0) -> 0
B51: Equipment / Tech Support | C51: Projector | H51: =IFERROR(EventBudget[[#This Row],[NUMBER OF UNITS]]*EventBudget[[#This Row],[NUMBER OF DAYS / NIGHTS / SERVICE]]*EventBudget[[#This Row],[PRICE PER UNIT]],0) -> 0
B52: Equipment / Tech Support | C52: Speakers | H52: =IFERROR(EventBudget[[#This Row],[NUMBER OF UNITS]]*EventBudget[[#This Row],[NUMBER OF DAYS / NIGHTS / SERVICE]]*EventBudget[[#This Row],[PRICE PER UNIT]],0) -> 0
B53: Equipment / Tech Support | C53: Microphones | H53: =IFERROR(EventBudget[[#This Row],[NUMBER OF UNITS]]*EventBudget[[#This Row],[NUMBER OF DAYS / NIGHTS / SERVICE]]*EventBudget[[#This Row],[PRICE PER UNIT]],0) -> 0
B54: Equipment / Tech Support | C54: Headphones | H54: =IFERROR(EventBudget[[#This Row],[NUMBER OF UNITS]]*EventBudget[[#This Row],[NUMBER OF DAYS / NIGHTS / SERVICE]]*EventBudget[[#This Row],[PRICE PER UNIT]],0) -> 0
B55: Equipment / Tech Support | C55: Equipment for simultaneous translation | H55: =IFERROR(EventBudget[[#This Row],[NUMBER OF UNITS]]*EventBudget[[#This Row],[NUMBER OF DAYS / NIGHTS / SERVICE]]*EventBudget[[#This Row],[PRICE PER UNIT]],0) -> 0
B56: Equipment / Tech Support | C56: Printers | H56: =IFERROR(EventBudget[[#This Row],[NUMBER OF UNITS]]*EventBudget[[#This Row],[NUMBER OF DAYS / NIGHTS / SERVICE]]*EventBudget[[#This Row],[PRICE PER UNIT]],0) -> 0
B57: Equipment / Tech Support | C57: Laptops | H57: =IFERROR(EventBudget[[#This Row],[NUMBER OF UNITS]]*EventBudget[[#This Row],[NUMBER OF DAYS / NIGHTS / SERVICE]]*EventBudget[[#This Row],[PRICE PER UNIT]],0) -> 0
B58: Equipment / Tech Support | C58: Furniture rent | H58: =IFERROR(EventBudget[[#This Row],[NUMBER OF UNITS]]*EventBudget[[#This Row],[NUMBER OF DAYS / NIGHTS / SERVICE]]*EventBudget[[#This Row],[PRICE PER UNIT]],0) -> 0
B59: Equipment / Tech Support | C59: Additional lights | H59: =IFERROR(EventBudget[[#This Row],[NUMBER OF UNITS]]*EventBudget[[#This Row],[NUMBER OF DAYS / NIGHTS / SERVICE]]*EventBudget[[#This Row],[PRICE PER UNIT]],0) -> 0
B60: Equipment / Tech Support | C60: Other | H60: =IFERROR(EventBudget[[#This Row],[NUMBER OF UNITS]]*EventBudget[[#This Row],[NUMBER OF DAYS / NIGHTS / SERVICE]]*EventBudget[[#This Row],[PRICE PER UNIT]],0) -> 0
B61: Equipment / Tech Support | C61: Other | H61: =IFERROR(EventBudget[[#This Row],[NUMBER OF UNITS]]*EventBudget[[#This Row],[NUMBER OF DAYS / NIGHTS / SERVICE]]*EventBudget[[#This Row],[PRICE PER UNIT]],0) -> 0
B62: Subtotal Equipment / Tech Support: | H62: =SUBTOTAL(9,H50:H61) -> 0
B64: Event Materials | C64: Name tags/ Badges | H64: =IFERROR(EventBudget[[#This Row],[NUMBER OF UNITS]]*EventBudget[[#This Row],[NUMBER OF DAYS / NIGHTS / SERVICE]]*EventBudget[[#This Row],[PRICE PER UNIT]],0) -> 0
B65: Event Materials | C65: Table signs | H65: =IFERROR(EventBudget[[#This Row],[NUMBER OF UNITS]]*EventBudget[[#This Row],[NUMBER OF DAYS / NIGHTS / SERVICE]]*EventBudget[[#This Row],[PRICE PER UNIT]],0) -> 0
B66: Event Materials | C66: Flipcharts | H66: =IFERROR(EventBudget[[#This Row],[NUMBER OF UNITS]]*EventBudget[[#This Row],[NUMBER OF DAYS / NIGHTS / SERVICE]]*EventBudget[[#This Row],[PRICE PER UNIT]],0) -> 0
B67: Event Materials | C67: Printing materials / Handouts | H67: =IFERROR(EventBudget[[#This Row],[NUMBER OF UNITS]]*EventBudget[[#This Row],[NUMBER OF DAYS / NIGHTS / SERVICE]]*EventBudget[[#This Row],[PRICE PER UNIT]],0) -> 0
B68: Event Materials | C68: Certificates | H68: =IFERROR(EventBudget[[#This Row],[NUMBER OF UNITS]]*EventBudget[[#This Row],[NUMBER OF DAYS / NIGHTS / SERVICE]]*EventBudget[[#This Row],[PRICE PER UNIT]],0) -> 0
B69: Event Materials | C69: Pens | H69: =IFERROR(EventBudget[[#This Row],[NUMBER OF UNITS]]*EventBudget[[#This Row],[NUMBER OF DAYS / NIGHTS / SERVICE]]*EventBudget[[#This Row],[PRICE PER UNIT]],0) -> 0
B70: Event Materials | C70: Markers | H70: =IFERROR(EventBudget[[#This Row],[NUMBER OF UNITS]]*EventBudget[[#This Row],[NUMBER OF DAYS / NIGHTS / SERVICE]]*EventBudget[[#This Row],[PRICE PER UNIT]],0) -> 0
B71: Event Materials | C71: Notebooks | H71: =IFERROR(EventBudget[[#This Row],[NUMBER OF UNITS]]*EventBudget[[#This Row],[NUMBER OF DAYS / NIGHTS / SERVICE]]*EventBudget[[#This Row],[PRICE PER UNIT]],0) -> 0
B72: Event Materials | C72: Paper A4 | H72: =IFERROR(EventBudget[[#This Row],[NUMBER OF UNITS]]*EventBudget[[#This Row],[NUMBER OF DAYS / NIGHTS / SERVICE]]*EventBudget[[#This Row],[PRICE PER UNIT]],0) -> 0
B73: Event Materials | C73: Stickers | H73: =IFERROR(EventBudget[[#This Row],[NUMBER OF UNITS]]*EventBudget[[#This Row],[NUMBER OF DAYS / NIGHTS / SERVICE]]*EventBudget[[#This Row],[PRICE PER UNIT]],0) -> 0
B74: Event Materials | C74: Tapes | H74: =IFERROR(EventBudget[[#This Row],[NUMBER OF UNITS]]*EventBudget[[#This Row],[NUMBER OF DAYS / NIGHTS / SERVICE]]*EventBudget[[#This Row],[PRICE PER UNIT]],0) -> 0
B75: Event Materials | C75: Other | H75: =IFERROR(EventBudget[[#This Row],[NUMBER OF UNITS]]*EventBudget[[#This Row],[NUMBER OF DAYS / NIGHTS / SERVICE]]*EventBudget[[#This Row],[PRICE PER UNIT]],0) -> 0
B76: Event Materials | C76: Other | H76: =IFERROR(EventBudget[[#This Row],[NUMBER OF UNITS]]*EventBudget[[#This Row],[NUMBER OF DAYS / NIGHTS / SERVICE]]*EventBudget[[#This Row],[PRICE PER UNIT]],0) -> 0
B77: Subtotal Event Materials: | H77: =SUBTOTAL(9,H64:H76) -> 0
B79: Additional Services | C79: Interpreters | H79: =IFERROR(EventBudget[[#This Row],[NUMBER OF UNITS]]*EventBudget[[#This Row],[NUMBER OF DAYS / NIGHTS / SERVICE]]*EventBudget[[#This Row],[PRICE PER UNIT]],0) -> 0
B80: Additional Services | C80: Photographers | H80: =IFERROR(EventBudget[[#This Row],[NUMBER OF UNITS]]*EventBudget[[#This Row],[NUMBER OF DAYS / NIGHTS / SERVICE]]*EventBudget[[#This Row],[PRICE PER UNIT]],0) -> 0
B81: Additional Services | C81: Videographer | H81: =IFERROR(EventBudget[[#This Row],[NUMBER OF UNITS]]*EventBudget[[#This Row],[NUMBER OF DAYS / NIGHTS / SERVICE]]*EventBudget[[#This Row],[PRICE PER UNIT]],0) -> 0
B82: Additional Services | C82: Music / DJ | H82: =IFERROR(EventBudget[[#This Row],[NUMBER OF UNITS]]*EventBudget[[#This Row],[NUMBER OF DAYS / NIGHTS / SERVICE]]*EventBudget[[#This Row],[PRICE PER UNIT]],0) -> 0
B83: Additional Services | C83: Security Service | H83: =IFERROR(EventBudget[[#This Row],[NUMBER OF UNITS]]*EventBudget[[#This Row],[NUMBER OF DAYS / NIGHTS / SERVICE]]*EventBudget[[#This Row],[PRICE PER UNIT]],0) -> 0
B84: Additional Services | C84: Decorations | H84: =IFERROR(EventBudget[[#This Row],[NUMBER OF UNITS]]*EventBudget[[#This Row],[NUMBER OF DAYS / NIGHTS / SERVICE]]*EventBudget[[#This Row],[PRICE PER UNIT]],0) -> 0
B85: Additional Services | C85: Other | H85: =IFERROR(EventBudget[[#This Row],[NUMBER OF UNITS]]*EventBudget[[#This Row],[NUMBER OF DAYS / NIGHTS / SERVICE]]*EventBudget[[#This Row],[PRICE PER UNIT]],0) -> 0
B86: Additional Services | C86: Other | H86: =IFERROR(EventBudget[[#This Row],[NUMBER OF UNITS]]*EventBudget[[#This Row],[NUMBER OF DAYS / NIGHTS / SERVICE]]*EventBudget[[#This Row],[PRICE PER UNIT]],0) -> 0
B87: Subtotal Additional Services: | H87: =SUBTOTAL(9,H79:H86) -> 0
B89: Subtotal Event Amount: | H89: =SUBTOTAL(9,H14:H87) -> 0
B91: Logistic Support | C91: Support during the event | H91: =IFERROR(EventBudget[[#This Row],[NUMBER OF UNITS]]*EventBudget[[#This Row],[NUMBER OF DAYS / NIGHTS / SERVICE]]*EventBudget[[#This Row],[PRICE PER UNIT]],0) -> 0
B92: Logistic Support | C92: Logistic service commission | H92: =IFERROR(EventBudget[[#This Row],[NUMBER OF UNITS]]*EventBudget[[#This Row],[NUMBER OF DAYS / NIGHTS / SERVICE]]*EventBudget[[#This Row],[PRICE PER UNIT]],0) -> 0
B93: Logistic Support | C93: Other | H93: =IFERROR(EventBudget[[#This Row],[NUMBER OF UNITS]]*EventBudget[[#This Row],[NUMBER OF DAYS / NIGHTS / SERVICE]]*EventBudget[[#This Row],[PRICE PER UNIT]],0) -> 0
B94: Logistic Support | C94: Other | H94: =IFERROR(EventBudget[[#This Row],[NUMBER OF UNITS]]*EventBudget[[#This Row],[NUMBER OF DAYS / NIGHTS / SERVICE]]*EventBudget[[#This Row],[PRICE PER UNIT]],0) -> 0
B95: Logistic Support | C95: Other | H95: =IFERROR(EventBudget[[#This Row],[NUMBER OF UNITS]]*EventBudget[[#This Row],[NUMBER OF DAYS / NIGHTS / SERVICE]]*EventBudget[[#This Row],[PRICE PER UNIT]],0) -> 0
B96: Subtotal Logistic Support: | H96: =SUBTOTAL(9,H91:H95) -> 0

Sheet Offer 2
B2: LOGISTIC SERVICE PROVIDER: | G2: TOTAL incl. Logistics: | H2: =SUM(H4:H11) -> 0
B3: HOTEL / VENUE: | G3: Subtotal Event Amount: | H3: =SUM(H4:H10) -> 0
B4: OFFICIAL WEBSITE OF THE HOTEL/VENUE: | G4: Travel | H4: =H21 -> 0
B5: DATES OF THE EVENT: | G5: Accomodation | H5: =H31 -> 0
B6: CITY, COUNTRY: | G6: Meals & Refreshments | H6: =H41 -> 0
B7: NUMBER OF PARTICIPANTS: | G7: Conference Service | H7: =H48 -> 0
B8: BUDGET CURRENCY: | G8: Equipment / Tech Support | H8: =H62 -> 0
G9: Event Materials | H9: =H77 -> 0
G10: Miscellaneous | H10: =H87 -> 0
G11: Logistic Support | H11: =H96 -> 0
B13: SERVICE TYPE | C13: DESCRIPTION | D13: UNIT | E13: NUMBER OF UNITS | F13: NUMBER OF DAYS / NIGHTS / SERVICE | G13: PRICE PER UNIT | H13: AMOUNT | I13: COMMENTS:
B14: Travel | C14: Flight tickets (Route 1) | H14: =IFERROR(EventBudget3[[#This Row],[NUMBER OF UNITS]]*EventBudget3[[#This Row],[NUMBER OF DAYS / NIGHTS / SERVICE]]*EventBudget3[[#This Row],[PRICE PER UNIT]],0) -> 0
B15: Travel | C15: Flight tickets (Route 2) | H15: =IFERROR(EventBudget3[[#This Row],[NUMBER OF UNITS]]*EventBudget3[[#This Row],[NUMBER OF DAYS / NIGHTS / SERVICE]]*EventBudget3[[#This Row],[PRICE PER UNIT]],0) -> 0
B16: Travel | C16: Flight tickets (Route 3) | H16: =IFERROR(EventBudget3[[#This Row],[NUMBER OF UNITS]]*EventBudget3[[#This Row],[NUMBER OF DAYS / NIGHTS / SERVICE]]*EventBudget3[[#This Row],[PRICE PER UNIT]],0) -> 0
B17: Travel | C17: Transfer Airport-Hotel-Airport | H17: =IFERROR(EventBudget3[[#This Row],[NUMBER OF UNITS]]*EventBudget3[[#This Row],[NUMBER OF DAYS / NIGHTS / SERVICE]]*EventBudget3[[#This Row],[PRICE PER UNIT]],0) -> 0
B18: Travel | C18: Car rent | H18: =IFERROR(EventBudget3[[#This Row],[NUMBER OF UNITS]]*EventBudget3[[#This Row],[NUMBER OF DAYS / NIGHTS / SERVICE]]*EventBudget3[[#This Row],[PRICE PER UNIT]],0) -> 0
B19: Travel | C19: Other | H19: =IFERROR(EventBudget3[[#This Row],[NUMBER OF UNITS]]*EventBudget3[[#This Row],[NUMBER OF DAYS / NIGHTS / SERVICE]]*EventBudget3[[#This Row],[PRICE PER UNIT]],0) -> 0
B20: Travel | C20: Other | H20: =IFERROR(EventBudget3[[#This Row],[NUMBER OF UNITS]]*EventBudget3[[#This Row],[NUMBER OF DAYS / NIGHTS / SERVICE]]*EventBudget3[[#This Row],[PRICE PER UNIT]],0) -> 0
B21: Subtotal Travel: | H21: =SUBTOTAL(9,H14:H20) -> 0
B23: Accomodation | C23: Single room with breakfast | H23: =IFERROR(EventBudget3[[#This Row],[NUMBER OF UNITS]]*EventBudget3[[#This Row],[NUMBER OF DAYS / NIGHTS / SERVICE]]*EventBudget3[[#This Row],[PRICE PER UNIT]],0) -> 0
B24: Accomodation | C24: Single room without breakfast | H24: =IFERROR(EventBudget3[[#This Row],[NUMBER OF UNITS]]*EventBudget3[[#This Row],[NUMBER OF DAYS / NIGHTS / SERVICE]]*EventBudget3[[#This Row],[PRICE PER UNIT]],0) -> 0
B25: Accomodation | C25: Double room with breakfast | H25: =IFERROR(EventBudget3[[#This Row],[NUMBER OF UNITS]]*EventBudget3[[#This Row],[NUMBER OF DAYS / NIGHTS / SERVICE]]*EventBudget3[[#This Row],[PRICE PER UNIT]],0) -> 0
B26: Accomodation | C26: Double room without breakfast | H26: =IFERROR(EventBudget3[[#This Row],[NUMBER OF UNITS]]*EventBudget3[[#This Row],[NUMBER OF DAYS / NIGHTS / SERVICE]]*EventBudget3[[#This Row],[PRICE PER UNIT]],0) -> 0
B27: Accomodation | C27: Early check-in | H27: =IFERROR(EventBudget3[[#This Row],[NUMBER OF UNITS]]*EventBudget3[[#This Row],[NUMBER OF DAYS / NIGHTS / SERVICE]]*EventBudget3[[#This Row],[PRICE PER UNIT]],0) -> 0
B28: Accomodation | C28: Late check-out | H28: =IFERROR(EventBudget3[[#This Row],[NUMBER OF UNITS]]*EventBudget3[[#This Row],[NUMBER OF DAYS / NIGHTS / SERVICE]]*EventBudget3[[#This Row],[PRICE PER UNIT]],0) -> 0
B29: Accomodation | C29: Other | H29: =IFERROR(EventBudget3[[#This Row],[NUMBER OF UNITS]]*EventBudget3[[#This Row],[NUMBER OF DAYS / NIGHTS / SERVICE]]*EventBudget3[[#This Row],[PRICE PER UNIT]],0) -> 0
B30: Accomodation | C30: Other | H30: =IFERROR(EventBudget3[[#This Row],[NUMBER OF UNITS]]*EventBudget3[[#This Row],[NUMBER OF DAYS / NIGHTS / SERVICE]]*EventBudget3[[#This Row],[PRICE PER UNIT]],0) -> 0
B31: Subtotal Accomodation: | H31: =SUBTOTAL(9,H23:H30) -> 0
B33: Meals & Refreshments | C33: Breakfast | H33: =IFERROR(EventBudget3[[#This Row],[NUMBER OF UNITS]]*EventBudget3[[#This Row],[NUMBER OF DAYS / NIGHTS / SERVICE]]*EventBudget3[[#This Row],[PRICE PER UNIT]],0) -> 0
B34: Meals & Refreshments | C34: Lunch | H34: =IFERROR(EventBudget3[[#This Row],[NUMBER OF UNITS]]*EventBudget3[[#This Row],[NUMBER OF DAYS / NIGHTS / SERVICE]]*EventBudget3[[#This Row],[PRICE PER UNIT]],0) -> 0
B35: Meals & Refreshments | C35: Dinner | H35: =IFERROR(EventBudget3[[#This Row],[NUMBER OF UNITS]]*EventBudget3[[#This Row],[NUMBER OF DAYS / NIGHTS / SERVICE]]*EventBudget3[[#This Row],[PRICE PER UNIT]],0) -> 0
B36: Meals & Refreshments | C36: Coffee break #1 | H36: =IFERROR(EventBudget3[[#This Row],[NUMBER OF UNITS]]*EventBudget3[[#This Row],[NUMBER OF DAYS / NIGHTS / SERVICE]]*EventBudget3[[#This Row],[PRICE PER UNIT]],0) -> 0
B37: Meals & Refreshments | C37: Coffee break #2 | H37: =IFERROR(EventBudget3[[#This Row],[NUMBER OF UNITS]]*EventBudget3[[#This Row],[NUMBER OF DAYS / NIGHTS / SERVICE]]*EventBudget3[[#This Row],[PRICE PER UNIT]],0) -> 0
B38: Meals & Refreshments | C38: Mineral / Still water | H38: =IFERROR(EventBudget3[[#This Row],[NUMBER OF UNITS]]*EventBudget3[[#This Row],[NUMBER OF DAYS / NIGHTS / SERVICE]]*EventBudget3[[#This Row],[PRICE PER UNIT]],0) -> 0
B39: Meals & Refreshments | C39: Other | H39: =IFERROR(EventBudget3[[#This Row],[NUMBER OF UNITS]]*EventBudget3[[#This Row],[NUMBER OF DAYS / NIGHTS / SERVICE]]*EventBudget3[[#This Row],[PRICE PER UNIT]],0) -> 0
B40: Meals & Refreshments | C40: Other | H40: =IFERROR(EventBudget3[[#This Row],[NUMBER OF UNITS]]*EventBudget3[[#This Row],[NUMBER OF DAYS / NIGHTS / SERVICE]]*EventBudget3[[#This Row],[PRICE PER UNIT]],0) -> 0
B41: Subtotal Meals & Refreshments: | H41: =SUBTOTAL(9,H33:H40) -> 0
B43: Conference Service | C43: Conference room rent >60 participants | H43: =IFERROR(EventBudget3[[#This Row],[NUMBER OF UNITS]]*EventBudget3[[#This Row],[NUMBER OF DAYS / NIGHTS / SERVICE]]*EventBudget3[[#This Row],[PRICE PER UNIT]],0) -> 0
B44: Conference Service | C44: Conference room rent >20 participants | H44: =IFERROR(EventBudget3[[#This Row],[NUMBER OF UNITS]]*EventBudget3[[#This Row],[NUMBER OF DAYS / NIGHTS / SERVICE]]*EventBudget3[[#This Row],[PRICE PER UNIT]],0) -> 0
B45: Conference Service | C45: Conference room rent <10 participants | H45: =IFERROR(EventBudget3[[#This Row],[NUMBER OF UNITS]]*EventBudget3[[#This Row],[NUMBER OF DAYS / NIGHTS / SERVICE]]*EventBudget3[[#This Row],[PRICE PER UNIT]],0) -> 0
B46: Conference Service | C46: Other | H46: =IFERROR(EventBudget3[[#This Row],[NUMBER OF UNITS]]*EventBudget3[[#This Row],[NUMBER OF DAYS / NIGHTS / SERVICE]]*EventBudget3[[#This Row],[PRICE PER UNIT]],0) -> 0
B47: Conference Service | C47: Other | H47: =IFERROR(EventBudget3[[#This Row],[NUMBER OF UNITS]]*EventBudget3[[#This Row],[NUMBER OF DAYS / NIGHTS / SERVICE]]*EventBudget3[[#This Row],[PRICE PER UNIT]],0) -> 0
B48: Subtotal Conference Room: | H48: =SUBTOTAL(9,H43:H47) -> 0
B50: Equipment / Tech Support | C50: Screen | H50: =IFERROR(EventBudget3[[#This Row],[NUMBER OF UNITS]]*EventBudget3[[#This Row],[NUMBER OF DAYS / NIGHTS / SERVICE]]*EventBudget3[[#This Row],[PRICE PER UNIT]],0) -> 0
B51: Equipment / Tech Support | C51: Projector | H51: =IFERROR(EventBudget3[[#This Row],[NUMBER OF UNITS]]*EventBudget3[[#This Row],[NUMBER OF DAYS / NIGHTS / SERVICE]]*EventBudget3[[#This Row],[PRICE PER UNIT]],0) -> 0
B52: Equipment / Tech Support | C52: Speakers | H52: =IFERROR(EventBudget3[[#This Row],[NUMBER OF UNITS]]*EventBudget3[[#This Row],[NUMBER OF DAYS / NIGHTS / SERVICE]]*EventBudget3[[#This Row],[PRICE PER UNIT]],0) -> 0
B53: Equipment / Tech Support | C53: Microphones | H53: =IFERROR(EventBudget3[[#This Row],[NUMBER OF UNITS]]*EventBudget3[[#This Row],[NUMBER OF DAYS / NIGHTS / SERVICE]]*EventBudget3[[#This Row],[PRICE PER UNIT]],0) -> 0
B54: Equipment / Tech Support | C54: Headphones | H54: =IFERROR(EventBudget3[[#This Row],[NUMBER OF UNITS]]*EventBudget3[[#This Row],[NUMBER OF DAYS / NIGHTS / SERVICE]]*EventBudget3[[#This Row],[PRICE PER UNIT]],0) -> 0
B55: Equipment / Tech Support | C55: Equipment for simultaneous translation | H55: =IFERROR(EventBudget3[[#This Row],[NUMBER OF UNITS]]*EventBudget3[[#This Row],[NUMBER OF DAYS / NIGHTS / SERVICE]]*EventBudget3[[#This Row],[PRICE PER UNIT]],0) -> 0
B56: Equipment / Tech Support | C56: Printers | H56: =IFERROR(EventBudget3[[#This Row],[NUMBER OF UNITS]]*EventBudget3[[#This Row],[NUMBER OF DAYS / NIGHTS / SERVICE]]*EventBudget3[[#This Row],[PRICE PER UNIT]],0) -> 0
B57: Equipment / Tech Support | C57: Laptops | H57: =IFERROR(EventBudget3[[#This Row],[NUMBER OF UNITS]]*EventBudget3[[#This Row],[NUMBER OF DAYS / NIGHTS / SERVICE]]*EventBudget3[[#This Row],[PRICE PER UNIT]],0) -> 0
B58: Equipment / Tech Support | C58: Furniture rent | H58: =IFERROR(EventBudget3[[#This Row],[NUMBER OF UNITS]]*EventBudget3[[#This Row],[NUMBER OF DAYS / NIGHTS / SERVICE]]*EventBudget3[[#This Row],[PRICE PER UNIT]],0) -> 0
B59: Equipment / Tech Support | C59: Additional lights | H59: =IFERROR(EventBudget3[[#This Row],[NUMBER OF UNITS]]*EventBudget3[[#This Row],[NUMBER OF DAYS / NIGHTS / SERVICE]]*EventBudget3[[#This Row],[PRICE PER UNIT]],0) -> 0
B60: Equipment / Tech Support | C60: Other | H60: =IFERROR(EventBudget3[[#This Row],[NUMBER OF UNITS]]*EventBudget3[[#This Row],[NUMBER OF DAYS / NIGHTS / SERVICE]]*EventBudget3[[#This Row],[PRICE PER UNIT]],0) -> 0
B61: Equipment / Tech Support | C61: Other | H61: =IFERROR(EventBudget3[[#This Row],[NUMBER OF UNITS]]*EventBudget3[[#This Row],[NUMBER OF DAYS / NIGHTS / SERVICE]]*EventBudget3[[#This Row],[PRICE PER UNIT]],0) -> 0
B62: Subtotal Equipment / Tech Support: | H62: =SUBTOTAL(9,H50:H61) -> 0
B64: Event Materials | C64: Name tags/ Badges | H64: =IFERROR(EventBudget3[[#This Row],[NUMBER OF UNITS]]*EventBudget3[[#This Row],[NUMBER OF DAYS / NIGHTS / SERVICE]]*EventBudget3[[#This Row],[PRICE PER UNIT]],0) -> 0
B65: Event Materials | C65: Table signs | H65: =IFERROR(EventBudget3[[#This Row],[NUMBER OF UNITS]]*EventBudget3[[#This Row],[NUMBER OF DAYS / NIGHTS / SERVICE]]*EventBudget3[[#This Row],[PRICE PER UNIT]],0) -> 0
B66: Event Materials | C66: Flipcharts | H66: =IFERROR(EventBudget3[[#This Row],[NUMBER OF UNITS]]*EventBudget3[[#This Row],[NUMBER OF DAYS / NIGHTS / SERVICE]]*EventBudget3[[#This Row],[PRICE PER UNIT]],0) -> 0
B67: Event Materials | C67: Printing materials / Handouts | H67: =IFERROR(EventBudget3[[#This Row],[NUMBER OF UNITS]]*EventBudget3[[#This Row],[NUMBER OF DAYS / NIGHTS / SERVICE]]*EventBudget3[[#This Row],[PRICE PER UNIT]],0) -> 0
B68: Event Materials | C68: Certificates | H68: =IFERROR(EventBudget3[[#This Row],[NUMBER OF UNITS]]*EventBudget3[[#This Row],[NUMBER OF DAYS / NIGHTS / SERVICE]]*EventBudget3[[#This Row],[PRICE PER UNIT]],0) -> 0
B69: Event Materials | C69: Pens | H69: =IFERROR(EventBudget3[[#This Row],[NUMBER OF UNITS]]*EventBudget3[[#This Row],[NUMBER OF DAYS / NIGHTS / SERVICE]]*EventBudget3[[#This Row],[PRICE PER UNIT]],0) -> 0
B70: Event Materials | C70: Markers | H70: =IFERROR(EventBudget3[[#This Row],[NUMBER OF UNITS]]*EventBudget3[[#This Row],[NUMBER OF DAYS / NIGHTS / SERVICE]]*EventBudget3[[#This Row],[PRICE PER UNIT]],0) -> 0
B71: Event Materials | C71: Notebooks | H71: =IFERROR(EventBudget3[[#This Row],[NUMBER OF UNITS]]*EventBudget3[[#This Row],[NUMBER OF DAYS / NIGHTS / SERVICE]]*EventBudget3[[#This Row],[PRICE PER UNIT]],0) -> 0
B72: Event Materials | C72: Paper A4 | H72: =IFERROR(EventBudget3[[#This Row],[NUMBER OF UNITS]]*EventBudget3[[#This Row],[NUMBER OF DAYS / NIGHTS / SERVICE]]*EventBudget3[[#This Row],[PRICE PER UNIT]],0) -> 0
B73: Event Materials | C73: Stickers | H73: =IFERROR(EventBudget3[[#This Row],[NUMBER OF UNITS]]*EventBudget3[[#This Row],[NUMBER OF DAYS / NIGHTS / SERVICE]]*EventBudget3[[#This Row],[PRICE PER UNIT]],0) -> 0
B74: Event Materials | C74: Tapes | H74: =IFERROR(EventBudget3[[#This Row],[NUMBER OF UNITS]]*EventBudget3[[#This Row],[NUMBER OF DAYS / NIGHTS / SERVICE]]*EventBudget3[[#This Row],[PRICE PER UNIT]],0) -> 0
B75: Event Materials | C75: Other | H75: =IFERROR(EventBudget3[[#This Row],[NUMBER OF UNITS]]*EventBudget3[[#This Row],[NUMBER OF DAYS / NIGHTS / SERVICE]]*EventBudget3[[#This Row],[PRICE PER UNIT]],0) -> 0
B76: Event Materials | C76: Other | H76: =IFERROR(EventBudget3[[#This Row],[NUMBER OF UNITS]]*EventBudget3[[#This Row],[NUMBER OF DAYS / NIGHTS / SERVICE]]*EventBudget3[[#This Row],[PRICE PER UNIT]],0) -> 0
B77: Subtotal Event Materials: | H77: =SUBTOTAL(9,H64:H76) -> 0
B79: Additional Services | C79: Interpreters | H79: =IFERROR(EventBudget3[[#This Row],[NUMBER OF UNITS]]*EventBudget3[[#This Row],[NUMBER OF DAYS / NIGHTS / SERVICE]]*EventBudget3[[#This Row],[PRICE PER UNIT]],0) -> 0
B80: Additional Services | C80: Photographers | H80: =IFERROR(EventBudget3[[#This Row],[NUMBER OF UNITS]]*EventBudget3[[#This Row],[NUMBER OF DAYS / NIGHTS / SERVICE]]*EventBudget3[[#This Row],[PRICE PER UNIT]],0) -> 0
B81: Additional Services | C81: Videographer | H81: =IFERROR(EventBudget3[[#This Row],[NUMBER OF UNITS]]*EventBudget3[[#This Row],[NUMBER OF DAYS / NIGHTS / SERVICE]]*EventBudget3[[#This Row],[PRICE PER UNIT]],0) -> 0
B82: Additional Services | C82: Music / DJ | H82: =IFERROR(EventBudget3[[#This Row],[NUMBER OF UNITS]]*EventBudget3[[#This Row],[NUMBER OF DAYS / NIGHTS / SERVICE]]*EventBudget3[[#This Row],[PRICE PER UNIT]],0) -> 0
B83: Additional Services | C83: Security Service | H83: =IFERROR(EventBudget3[[#This Row],[NUMBER OF UNITS]]*EventBudget3[[#This Row],[NUMBER OF DAYS / NIGHTS / SERVICE]]*EventBudget3[[#This Row],[PRICE PER UNIT]],0) -> 0
B84: Additional Services | C84: Decorations | H84: =IFERROR(EventBudget3[[#This Row],[NUMBER OF UNITS]]*EventBudget3[[#This Row],[NUMBER OF DAYS / NIGHTS / SERVICE]]*EventBudget3[[#This Row],[PRICE PER UNIT]],0) -> 0
B85: Additional Services | C85: Other | H85: =IFERROR(EventBudget3[[#This Row],[NUMBER OF UNITS]]*EventBudget3[[#This Row],[NUMBER OF DAYS / NIGHTS / SERVICE]]*EventBudget3[[#This Row],[PRICE PER UNIT]],0) -> 0
B86: Additional Services | C86: Other | H86: =IFERROR(EventBudget3[[#This Row],[NUMBER OF UNITS]]*EventBudget3[[#This Row],[NUMBER OF DAYS / NIGHTS / SERVICE]]*EventBudget3[[#This Row],[PRICE PER UNIT]],0) -> 0
B87: Subtotal Additional Services: | H87: =SUBTOTAL(9,H79:H86) -> 0
B89: Subtotal Event Amount: | H89: =SUBTOTAL(9,H14:H87) -> 0
B91: Logistic Support | C91: Support during the event | H91: =IFERROR(EventBudget3[[#This Row],[NUMBER OF UNITS]]*EventBudget3[[#This Row],[NUMBER OF DAYS / NIGHTS / SERVICE]]*EventBudget3[[#This Row],[PRICE PER UNIT]],0) -> 0
B92: Logistic Support | C92: Logistic service commission | H92: =IFERROR(EventBudget3[[#This Row],[NUMBER OF UNITS]]*EventBudget3[[#This Row],[NUMBER OF DAYS / NIGHTS / SERVICE]]*EventBudget3[[#This Row],[PRICE PER UNIT]],0) -> 0
B93: Logistic Support | C93: Other | H93: =IFERROR(EventBudget3[[#This Row],[NUMBER OF UNITS]]*EventBudget3[[#This Row],[NUMBER OF DAYS / NIGHTS / SERVICE]]*EventBudget3[[#This Row],[PRICE PER UNIT]],0) -> 0
B94: Logistic Support | C94: Other | H94: =IFERROR(EventBudget3[[#This Row],[NUMBER OF UNITS]]*EventBudget3[[#This Row],[NUMBER OF DAYS / NIGHTS / SERVICE]]*EventBudget3[[#This Row],[PRICE PER UNIT]],0) -> 0
B95: Logistic Support | C95: Other | H95: =IFERROR(EventBudget3[[#This Row],[NUMBER OF UNITS]]*EventBudget3[[#This Row],[NUMBER OF DAYS / NIGHTS / SERVICE]]*EventBudget3[[#This Row],[PRICE PER UNIT]],0) -> 0
B96: Subtotal Logistic Support: | H96: =SUBTOTAL(9,H91:H95) -> 0

Sheet Offer 3
B2: LOGISTIC SERVICE PROVIDER: | G2: TOTAL incl. Logistics: | H2: =SUM(H4:H11) -> 0
B3: HOTEL / VENUE: | G3: Subtotal Event Amount: | H3: =SUM(H4:H10) -> 0
B4: OFFICIAL WEBSITE OF THE HOTEL/VENUE: | G4: Travel | H4: =H21 -> 0
B5: DATES OF THE EVENT: | G5: Accomodation | H5: =H31 -> 0
B6: CITY, COUNTRY: | G6: Meals & Refreshments | H6: =H41 -> 0
B7: NUMBER OF PARTICIPANTS: | G7: Conference Service | H7: =H48 -> 0
B8: BUDGET CURRENCY: | G8: Equipment / Tech Support | H8: =H62 -> 0
G9: Event Materials | H9: =H77 -> 0
G10: Miscellaneous | H10: =H87 -> 0
G11: Logistic Support | H11: =H96 -> 0
B13: SERVICE TYPE | C13: DESCRIPTION | D13: UNIT | E13: NUMBER OF UNITS | F13: NUMBER OF DAYS / NIGHTS / SERVICE | G13: PRICE PER UNIT | H13: AMOUNT | I13: COMMENTS:
B14: Travel | C14: Flight tickets (Route 1) | H14: =IFERROR(EventBudget34[[#This Row],[NUMBER OF UNITS]]*EventBudget34[[#This Row],[NUMBER OF DAYS / NIGHTS / SERVICE]]*EventBudget34[[#This Row],[PRICE PER UNIT]],0) -> 0
B15: Travel | C15: Flight tickets (Route 2) | H15: =IFERROR(EventBudget34[[#This Row],[NUMBER OF UNITS]]*EventBudget34[[#This Row],[NUMBER OF DAYS / NIGHTS / SERVICE]]*EventBudget34[[#This Row],[PRICE PER UNIT]],0) -> 0
B16: Travel | C16: Flight tickets (Route 3) | H16: =IFERROR(EventBudget34[[#This Row],[NUMBER OF UNITS]]*EventBudget34[[#This Row],[NUMBER OF DAYS / NIGHTS / SERVICE]]*EventBudget34[[#This Row],[PRICE PER UNIT]],0) -> 0
B17: Travel | C17: Transfer Airport-Hotel-Airport | H17: =IFERROR(EventBudget34[[#This Row],[NUMBER OF UNITS]]*EventBudget34[[#This Row],[NUMBER OF DAYS / NIGHTS / SERVICE]]*EventBudget34[[#This Row],[PRICE PER UNIT]],0) -> 0
B18: Travel | C18: Car rent | H18: =IFERROR(EventBudget34[[#This Row],[NUMBER OF UNITS]]*EventBudget34[[#This Row],[NUMBER OF DAYS / NIGHTS / SERVICE]]*EventBudget34[[#This Row],[PRICE PER UNIT]],0) -> 0
B19: Travel | C19: Other | H19: =IFERROR(EventBudget34[[#This Row],[NUMBER OF UNITS]]*EventBudget34[[#This Row],[NUMBER OF DAYS / NIGHTS / SERVICE]]*EventBudget34[[#This Row],[PRICE PER UNIT]],0) -> 0
B20: Travel | C20: Other | H20: =IFERROR(EventBudget34[[#This Row],[NUMBER OF UNITS]]*EventBudget34[[#This Row],[NUMBER OF DAYS / NIGHTS / SERVICE]]*EventBudget34[[#This Row],[PRICE PER UNIT]],0) -> 0
B21: Subtotal Travel: | H21: =SUBTOTAL(9,H14:H20) -> 0
B23: Accomodation | C23: Single room with breakfast | H23: =IFERROR(EventBudget34[[#This Row],[NUMBER OF UNITS]]*EventBudget34[[#This Row],[NUMBER OF DAYS / NIGHTS / SERVICE]]*EventBudget34[[#This Row],[PRICE PER UNIT]],0) -> 0
B24: Accomodation | C24: Single room without breakfast | H24: =IFERROR(EventBudget34[[#This Row],[NUMBER OF UNITS]]*EventBudget34[[#This Row],[NUMBER OF DAYS / NIGHTS / SERVICE]]*EventBudget34[[#This Row],[PRICE PER UNIT]],0) -> 0
B25: Accomodation | C25: Double room with breakfast | H25: =IFERROR(EventBudget34[[#This Row],[NUMBER OF UNITS]]*EventBudget34[[#This Row],[NUMBER OF DAYS / NIGHTS / SERVICE]]*EventBudget34[[#This Row],[PRICE PER UNIT]],0) -> 0
B26: Accomodation | C26: Double room without breakfast | H26: =IFERROR(EventBudget34[[#This Row],[NUMBER OF UNITS]]*EventBudget34[[#This Row],[NUMBER OF DAYS / NIGHTS / SERVICE]]*EventBudget34[[#This Row],[PRICE PER UNIT]],0) -> 0
B27: Accomodation | C27: Early check-in | H27: =IFERROR(EventBudget34[[#This Row],[NUMBER OF UNITS]]*EventBudget34[[#This Row],[NUMBER OF DAYS / NIGHTS / SERVICE]]*EventBudget34[[#This Row],[PRICE PER UNIT]],0) -> 0
B28: Accomodation | C28: Late check-out | H28: =IFERROR(EventBudget34[[#This Row],[NUMBER OF UNITS]]*EventBudget34[[#This Row],[NUMBER OF DAYS / NIGHTS / SERVICE]]*EventBudget34[[#This Row],[PRICE PER UNIT]],0) -> 0
B29: Accomodation | C29: Other | H29: =IFERROR(EventBudget34[[#This Row],[NUMBER OF UNITS]]*EventBudget34[[#This Row],[NUMBER OF DAYS / NIGHTS / SERVICE]]*EventBudget34[[#This Row],[PRICE PER UNIT]],0) -> 0
B30: Accomodation | C30: Other | H30: =IFERROR(EventBudget34[[#This Row],[NUMBER OF UNITS]]*EventBudget34[[#This Row],[NUMBER OF DAYS / NIGHTS / SERVICE]]*EventBudget34[[#This Row],[PRICE PER UNIT]],0) -> 0
B31: Subtotal Accomodation: | H31: =SUBTOTAL(9,H23:H30) -> 0
B33: Meals & Refreshments | C33: Breakfast | H33: =IFERROR(EventBudget34[[#This Row],[NUMBER OF UNITS]]*EventBudget34[[#This Row],[NUMBER OF DAYS / NIGHTS / SERVICE]]*EventBudget34[[#This Row],[PRICE PER UNIT]],0) -> 0
B34: Meals & Refreshments | C34: Lunch | H34: =IFERROR(EventBudget34[[#This Row],[NUMBER OF UNITS]]*EventBudget34[[#This Row],[NUMBER OF DAYS / NIGHTS / SERVICE]]*EventBudget34[[#This Row],[PRICE PER UNIT]],0) -> 0
B35: Meals & Refreshments | C35: Dinner | H35: =IFERROR(EventBudget34[[#This Row],[NUMBER OF UNITS]]*EventBudget34[[#This Row],[NUMBER OF DAYS / NIGHTS / SERVICE]]*EventBudget34[[#This Row],[PRICE PER UNIT]],0) -> 0
B36: Meals & Refreshments | C36: Coffee break #1 | H36: =IFERROR(EventBudget34[[#This Row],[NUMBER OF UNITS]]*EventBudget34[[#This Row],[NUMBER OF DAYS / NIGHTS / SERVICE]]*EventBudget34[[#This Row],[PRICE PER UNIT]],0) -> 0
B37: Meals & Refreshments | C37: Coffee break #2 | H37: =IFERROR(EventBudget34[[#This Row],[NUMBER OF UNITS]]*EventBudget34[[#This Row],[NUMBER OF DAYS / NIGHTS / SERVICE]]*EventBudget34[[#This Row],[PRICE PER UNIT]],0) -> 0
B38: Meals & Refreshments | C38: Mineral / Still water | H38: =IFERROR(EventBudget34[[#This Row],[NUMBER OF UNITS]]*EventBudget34[[#This Row],[NUMBER OF DAYS / NIGHTS / SERVICE]]*EventBudget34[[#This Row],[PRICE PER UNIT]],0) -> 0
B39: Meals & Refreshments | C39: Other | H39: =IFERROR(EventBudget34[[#This Row],[NUMBER OF UNITS]]*EventBudget34[[#This Row],[NUMBER OF DAYS / NIGHTS / SERVICE]]*EventBudget34[[#This Row],[PRICE PER UNIT]],0) -> 0
B40: Meals & Refreshments | C40: Other | H40: =IFERROR(EventBudget34[[#This Row],[NUMBER OF UNITS]]*EventBudget34[[#This Row],[NUMBER OF DAYS / NIGHTS / SERVICE]]*EventBudget34[[#This Row],[PRICE PER UNIT]],0) -> 0
B41: Subtotal Meals & Refreshments: | H41: =SUBTOTAL(9,H33:H40) -> 0
B43: Conference Service | C43: Conference room rent >60 participants | H43: =IFERROR(EventBudget34[[#This Row],[NUMBER OF UNITS]]*EventBudget34[[#This Row],[NUMBER OF DAYS / NIGHTS / SERVICE]]*EventBudget34[[#This Row],[PRICE PER UNIT]],0) -> 0
B44: Conference Service | C44: Conference room rent >20 participants | H44: =IFERROR(EventBudget34[[#This Row],[NUMBER OF UNITS]]*EventBudget34[[#This Row],[NUMBER OF DAYS / NIGHTS / SERVICE]]*EventBudget34[[#This Row],[PRICE PER UNIT]],0) -> 0
B45: Conference Service | C45: Conference room rent <10 participants | H45: =IFERROR(EventBudget34[[#This Row],[NUMBER OF UNITS]]*EventBudget34[[#This Row],[NUMBER OF DAYS / NIGHTS / SERVICE]]*EventBudget34[[#This Row],[PRICE PER UNIT]],0) -> 0
B46: Conference Service | C46: Other | H46: =IFERROR(EventBudget34[[#This Row],[NUMBER OF UNITS]]*EventBudget34[[#This Row],[NUMBER OF DAYS / NIGHTS / SERVICE]]*EventBudget34[[#This Row],[PRICE PER UNIT]],0) -> 0
B47: Conference Service | C47: Other | H47: =IFERROR(EventBudget34[[#This Row],[NUMBER OF UNITS]]*EventBudget34[[#This Row],[NUMBER OF DAYS / NIGHTS / SERVICE]]*EventBudget34[[#This Row],[PRICE PER UNIT]],0) -> 0
B48: Subtotal Conference Room: | H48: =SUBTOTAL(9,H43:H47) -> 0
B50: Equipment / Tech Support | C50: Screen | H50: =IFERROR(EventBudget34[[#This Row],[NUMBER OF UNITS]]*EventBudget34[[#This Row],[NUMBER OF DAYS / NIGHTS / SERVICE]]*EventBudget34[[#This Row],[PRICE PER UNIT]],0) -> 0
B51: Equipment / Tech Support | C51: Projector | H51: =IFERROR(EventBudget34[[#This Row],[NUMBER OF UNITS]]*EventBudget34[[#This Row],[NUMBER OF DAYS / NIGHTS / SERVICE]]*EventBudget34[[#This Row],[PRICE PER UNIT]],0) -> 0
B52: Equipment / Tech Support | C52: Speakers | H52: =IFERROR(EventBudget34[[#This Row],[NUMBER OF UNITS]]*EventBudget34[[#This Row],[NUMBER OF DAYS / NIGHTS / SERVICE]]*EventBudget34[[#This Row],[PRICE PER UNIT]],0) -> 0
B53: Equipment / Tech Support | C53: Microphones | H53: =IFERROR(EventBudget34[[#This Row],[NUMBER OF UNITS]]*EventBudget34[[#This Row],[NUMBER OF DAYS / NIGHTS / SERVICE]]*EventBudget34[[#This Row],[PRICE PER UNIT]],0) -> 0
B54: Equipment / Tech Support | C54: Headphones | H54: =IFERROR(EventBudget34[[#This Row],[NUMBER OF UNITS]]*EventBudget34[[#This Row],[NUMBER OF DAYS / NIGHTS / SERVICE]]*EventBudget34[[#This Row],[PRICE PER UNIT]],0) -> 0
B55: Equipment / Tech Support | C55: Equipment for simultaneous translation | H55: =IFERROR(EventBudget34[[#This Row],[NUMBER OF UNITS]]*EventBudget34[[#This Row],[NUMBER OF DAYS / NIGHTS / SERVICE]]*EventBudget34[[#This Row],[PRICE PER UNIT]],0) -> 0
B56: Equipment / Tech Support | C56: Printers | H56: =IFERROR(EventBudget34[[#This Row],[NUMBER OF UNITS]]*EventBudget34[[#This Row],[NUMBER OF DAYS / NIGHTS / SERVICE]]*EventBudget34[[#This Row],[PRICE PER UNIT]],0) -> 0
B57: Equipment / Tech Support | C57: Laptops | H57: =IFERROR(EventBudget34[[#This Row],[NUMBER OF UNITS]]*EventBudget34[[#This Row],[NUMBER OF DAYS / NIGHTS / SERVICE]]*EventBudget34[[#This Row],[PRICE PER UNIT]],0) -> 0
B58: Equipment / Tech Support | C58: Furniture rent | H58: =IFERROR(EventBudget34[[#This Row],[NUMBER OF UNITS]]*EventBudget34[[#This Row],[NUMBER OF DAYS / NIGHTS / SERVICE]]*EventBudget34[[#This Row],[PRICE PER UNIT]],0) -> 0
B59: Equipment / Tech Support | C59: Additional lights | H59: =IFERROR(EventBudget34[[#This Row],[NUMBER OF UNITS]]*EventBudget34[[#This Row],[NUMBER OF DAYS / NIGHTS / SERVICE]]*EventBudget34[[#This Row],[PRICE PER UNIT]],0) -> 0
B60: Equipment / Tech Support | C60: Other | H60: =IFERROR(EventBudget34[[#This Row],[NUMBER OF UNITS]]*EventBudget34[[#This Row],[NUMBER OF DAYS / NIGHTS / SERVICE]]*EventBudget34[[#This Row],[PRICE PER UNIT]],0) -> 0
B61: Equipment / Tech Support | C61: Other | H61: =IFERROR(EventBudget34[[#This Row],[NUMBER OF UNITS]]*EventBudget34[[#This Row],[NUMBER OF DAYS / NIGHTS / SERVICE]]*EventBudget34[[#This Row],[PRICE PER UNIT]],0) -> 0
B62: Subtotal Equipment / Tech Support: | H62: =SUBTOTAL(9,H50:H61) -> 0
B64: Event Materials | C64: Name tags/ Badges | H64: =IFERROR(EventBudget34[[#This Row],[NUMBER OF UNITS]]*EventBudget34[[#This Row],[NUMBER OF DAYS / NIGHTS / SERVICE]]*EventBudget34[[#This Row],[PRICE PER UNIT]],0) -> 0
B65: Event Materials | C65: Table signs | H65: =IFERROR(EventBudget34[[#This Row],[NUMBER OF UNITS]]*EventBudget34[[#This Row],[NUMBER OF DAYS / NIGHTS / SERVICE]]*EventBudget34[[#This Row],[PRICE PER UNIT]],0) -> 0
B66: Event Materials | C66: Flipcharts | H66: =IFERROR(EventBudget34[[#This Row],[NUMBER OF UNITS]]*EventBudget34[[#This Row],[NUMBER OF DAYS / NIGHTS / SERVICE]]*EventBudget34[[#This Row],[PRICE PER UNIT]],0) -> 0
B67: Event Materials | C67: Printing materials / Handouts | H67: =IFERROR(EventBudget34[[#This Row],[NUMBER OF UNITS]]*EventBudget34[[#This Row],[NUMBER OF DAYS / NIGHTS / SERVICE]]*EventBudget34[[#This Row],[PRICE PER UNIT]],0) -> 0
B68: Event Materials | C68: Certificates | H68: =IFERROR(EventBudget34[[#This Row],[NUMBER OF UNITS]]*EventBudget34[[#This Row],[NUMBER OF DAYS / NIGHTS / SERVICE]]*EventBudget34[[#This Row],[PRICE PER UNIT]],0) -> 0
B69: Event Materials | C69: Pens | H69: =IFERROR(EventBudget34[[#This Row],[NUMBER OF UNITS]]*EventBudget34[[#This Row],[NUMBER OF DAYS / NIGHTS / SERVICE]]*EventBudget34[[#This Row],[PRICE PER UNIT]],0) -> 0
B70: Event Materials | C70: Markers | H70: =IFERROR(EventBudget34[[#This Row],[NUMBER OF UNITS]]*EventBudget34[[#This Row],[NUMBER OF DAYS / NIGHTS / SERVICE]]*EventBudget34[[#This Row],[PRICE PER UNIT]],0) -> 0
B71: Event Materials | C71: Notebooks | H71: =IFERROR(EventBudget34[[#This Row],[NUMBER OF UNITS]]*EventBudget34[[#This Row],[NUMBER OF DAYS / NIGHTS / SERVICE]]*EventBudget34[[#This Row],[PRICE PER UNIT]],0) -> 0
B72: Event Materials | C72: Paper A4 | H72: =IFERROR(EventBudget34[[#This Row],[NUMBER OF UNITS]]*EventBudget34[[#This Row],[NUMBER OF DAYS / NIGHTS / SERVICE]]*EventBudget34[[#This Row],[PRICE PER UNIT]],0) -> 0
B73: Event Materials | C73: Stickers | H73: =IFERROR(EventBudget34[[#This Row],[NUMBER OF UNITS]]*EventBudget34[[#This Row],[NUMBER OF DAYS / NIGHTS / SERVICE]]*EventBudget34[[#This Row],[PRICE PER UNIT]],0) -> 0
B74: Event Materials | C74: Tapes | H74: =IFERROR(EventBudget34[[#This Row],[NUMBER OF UNITS]]*EventBudget34[[#This Row],[NUMBER OF DAYS / NIGHTS / SERVICE]]*EventBudget34[[#This Row],[PRICE PER UNIT]],0) -> 0
B75: Event Materials | C75: Other | H75: =IFERROR(EventBudget34[[#This Row],[NUMBER OF UNITS]]*EventBudget34[[#This Row],[NUMBER OF DAYS / NIGHTS / SERVICE]]*EventBudget34[[#This Row],[PRICE PER UNIT]],0) -> 0
B76: Event Materials | C76: Other | H76: =IFERROR(EventBudget34[[#This Row],[NUMBER OF UNITS]]*EventBudget34[[#This Row],[NUMBER OF DAYS / NIGHTS / SERVICE]]*EventBudget34[[#This Row],[PRICE PER UNIT]],0) -> 0
B77: Subtotal Event Materials: | H77: =SUBTOTAL(9,H64:H76) -> 0
B79: Additional Services | C79: Interpreters | H79: =IFERROR(EventBudget34[[#This Row],[NUMBER OF UNITS]]*EventBudget34[[#This Row],[NUMBER OF DAYS / NIGHTS / SERVICE]]*EventBudget34[[#This Row],[PRICE PER UNIT]],0) -> 0
B80: Additional Services | C80: Photographers | H80: =IFERROR(EventBudget34[[#This Row],[NUMBER OF UNITS]]*EventBudget34[[#This Row],[NUMBER OF DAYS / NIGHTS / SERVICE]]*EventBudget34[[#This Row],[PRICE PER UNIT]],0) -> 0
B81: Additional Services | C81: Videographer | H81: =IFERROR(EventBudget34[[#This Row],[NUMBER OF UNITS]]*EventBudget34[[#This Row],[NUMBER OF DAYS / NIGHTS / SERVICE]]*EventBudget34[[#This Row],[PRICE PER UNIT]],0) -> 0
B82: Additional Services | C82: Music / DJ | H82: =IFERROR(EventBudget34[[#This Row],[NUMBER OF UNITS]]*EventBudget34[[#This Row],[NUMBER OF DAYS / NIGHTS / SERVICE]]*EventBudget34[[#This Row],[PRICE PER UNIT]],0) -> 0
B83: Additional Services | C83: Security Service | H83: =IFERROR(EventBudget34[[#This Row],[NUMBER OF UNITS]]*EventBudget34[[#This Row],[NUMBER OF DAYS / NIGHTS / SERVICE]]*EventBudget34[[#This Row],[PRICE PER UNIT]],0) -> 0
B84: Additional Services | C84: Decorations | H84: =IFERROR(EventBudget34[[#This Row],[NUMBER OF UNITS]]*EventBudget34[[#This Row],[NUMBER OF DAYS / NIGHTS / SERVICE]]*EventBudget34[[#This Row],[PRICE PER UNIT]],0) -> 0
B85: Additional Services | C85: Other | H85: =IFERROR(EventBudget34[[#This Row],[NUMBER OF UNITS]]*EventBudget34[[#This Row],[NUMBER OF DAYS / NIGHTS / SERVICE]]*EventBudget34[[#This Row],[PRICE PER UNIT]],0) -> 0
B86: Additional Services | C86: Other | H86: =IFERROR(EventBudget34[[#This Row],[NUMBER OF UNITS]]*EventBudget34[[#This Row],[NUMBER OF DAYS / NIGHTS / SERVICE]]*EventBudget34[[#This Row],[PRICE PER UNIT]],0) -> 0
B87: Subtotal Additional Services: | H87: =SUBTOTAL(9,H79:H86) -> 0
B89: Subtotal Event Amount: | H89: =SUBTOTAL(9,H14:H87) -> 0
B91: Logistic Support | C91: Support during the event | H91: =IFERROR(EventBudget34[[#This Row],[NUMBER OF UNITS]]*EventBudget34[[#This Row],[NUMBER OF DAYS / NIGHTS / SERVICE]]*EventBudget34[[#This Row],[PRICE PER UNIT]],0) -> 0
B92: Logistic Support | C92: Logistic service commission | H92: =IFERROR(EventBudget34[[#This Row],[NUMBER OF UNITS]]*EventBudget34[[#This Row],[NUMBER OF DAYS / NIGHTS / SERVICE]]*EventBudget34[[#This Row],[PRICE PER UNIT]],0) -> 0
B93: Logistic Support | C93: Other | H93: =IFERROR(EventBudget34[[#This Row],[NUMBER OF UNITS]]*EventBudget34[[#This Row],[NUMBER OF DAYS / NIGHTS / SERVICE]]*EventBudget34[[#This Row],[PRICE PER UNIT]],0) -> 0
B94: Logistic Support | C94: Other | H94: =IFERROR(EventBudget34[[#This Row],[NUMBER OF UNITS]]*EventBudget34[[#This Row],[NUMBER OF DAYS / NIGHTS / SERVICE]]*EventBudget34[[#This Row],[PRICE PER UNIT]],0) -> 0
B95: Logistic Support | C95: Other | H95: =IFERROR(EventBudget34[[#This Row],[NUMBER OF UNITS]]*EventBudget34[[#This Row],[NUMBER OF DAYS / NIGHTS / SERVICE]]*EventBudget34[[#This Row],[PRICE PER UNIT]],0) -> 0
B96: Subtotal Logistic Support: | H96: =SUBTOTAL(9,H91:H95) -> 0

Sheet Offer 4
B2: LOGISTIC SERVICE PROVIDER: | G2: TOTAL incl. Logistics: | H2: =SUM(H4:H11) -> 0
B3: HOTEL / VENUE: | G3: Subtotal Event Amount: | H3: =SUM(H4:H10) -> 0
B4: OFFICIAL WEBSITE OF THE HOTEL/VENUE: | G4: Travel | H4: =H21 -> 0
B5: DATES OF THE EVENT: | G5: Accomodation | H5: =H31 -> 0
B6: CITY, COUNTRY: | G6: Meals & Refreshments | H6: =H41 -> 0
B7: NUMBER OF PARTICIPANTS: | G7: Conference Service | H7: =H48 -> 0
B8: BUDGET CURRENCY: | G8: Equipment / Tech Support | H8: =H62 -> 0
G9: Event Materials | H9: =H77 -> 0
G10: Miscellaneous | H10: =H87 -> 0
G11: Logistic Support | H11: =H96 -> 0
B13: SERVICE TYPE | C13: DESCRIPTION | D13: UNIT | E13: NUMBER OF UNITS | F13: NUMBER OF DAYS / NIGHTS / SERVICE | G13: PRICE PER UNIT | H13: AMOUNT | I13: COMMENTS:
B14: Travel | C14: Flight tickets (Route 1) | H14: =IFERROR(EventBudget345[[#This Row],[NUMBER OF UNITS]]*EventBudget345[[#This Row],[NUMBER OF DAYS / NIGHTS / SERVICE]]*EventBudget345[[#This Row],[PRICE PER UNIT]],0) -> 0
B15: Travel | C15: Flight tickets (Route 2) | H15: =IFERROR(EventBudget345[[#This Row],[NUMBER OF UNITS]]*EventBudget345[[#This Row],[NUMBER OF DAYS / NIGHTS / SERVICE]]*EventBudget345[[#This Row],[PRICE PER UNIT]],0) -> 0
B16: Travel | C16: Flight tickets (Route 3) | H16: =IFERROR(EventBudget345[[#This Row],[NUMBER OF UNITS]]*EventBudget345[[#This Row],[NUMBER OF DAYS / NIGHTS / SERVICE]]*EventBudget345[[#This Row],[PRICE PER UNIT]],0) -> 0
B17: Travel | C17: Transfer Airport-Hotel-Airport | H17: =IFERROR(EventBudget345[[#This Row],[NUMBER OF UNITS]]*EventBudget345[[#This Row],[NUMBER OF DAYS / NIGHTS / SERVICE]]*EventBudget345[[#This Row],[PRICE PER UNIT]],0) -> 0
B18: Travel | C18: Car rent | H18: =IFERROR(EventBudget345[[#This Row],[NUMBER OF UNITS]]*EventBudget345[[#This Row],[NUMBER OF DAYS / NIGHTS / SERVICE]]*EventBudget345[[#This Row],[PRICE PER UNIT]],0) -> 0
B19: Travel | C19: Other | H19: =IFERROR(EventBudget345[[#This Row],[NUMBER OF UNITS]]*EventBudget345[[#This Row],[NUMBER OF DAYS / NIGHTS / SERVICE]]*EventBudget345[[#This Row],[PRICE PER UNIT]],0) -> 0
B20: Travel | C20: Other | H20: =IFERROR(EventBudget345[[#This Row],[NUMBER OF UNITS]]*EventBudget345[[#This Row],[NUMBER OF DAYS / NIGHTS / SERVICE]]*EventBudget345[[#This Row],[PRICE PER UNIT]],0) -> 0
B21: Subtotal Travel: | H21: =SUBTOTAL(9,H14:H20) -> 0
B23: Accomodation | C23: Single room with breakfast | H23: =IFERROR(EventBudget345[[#This Row],[NUMBER OF UNITS]]*EventBudget345[[#This Row],[NUMBER OF DAYS / NIGHTS / SERVICE]]*EventBudget345[[#This Row],[PRICE PER UNIT]],0) -> 0
B24: Accomodation | C24: Single room without breakfast | H24: =IFERROR(EventBudget345[[#This Row],[NUMBER OF UNITS]]*EventBudget345[[#This Row],[NUMBER OF DAYS / NIGHTS / SERVICE]]*EventBudget345[[#This Row],[PRICE PER UNIT]],0) -> 0
B25: Accomodation | C25: Double room with breakfast | H25: =IFERROR(EventBudget345[[#This Row],[NUMBER OF UNITS]]*EventBudget345[[#This Row],[NUMBER OF DAYS / NIGHTS / SERVICE]]*EventBudget345[[#This Row],[PRICE PER UNIT]],0) -> 0
B26: Accomodation | C26: Double room without breakfast | H26: =IFERROR(EventBudget345[[#This Row],[NUMBER OF UNITS]]*EventBudget345[[#This Row],[NUMBER OF DAYS / NIGHTS / SERVICE]]*EventBudget345[[#This Row],[PRICE PER UNIT]],0) -> 0
B27: Accomodation | C27: Early check-in | H27: =IFERROR(EventBudget345[[#This Row],[NUMBER OF UNITS]]*EventBudget345[[#This Row],[NUMBER OF DAYS / NIGHTS / SERVICE]]*EventBudget345[[#This Row],[PRICE PER UNIT]],0) -> 0
B28: Accomodation | C28: Late check-out | H28: =IFERROR(EventBudget345[[#This Row],[NUMBER OF UNITS]]*EventBudget345[[#This Row],[NUMBER OF DAYS / NIGHTS / SERVICE]]*EventBudget345[[#This Row],[PRICE PER UNIT]],0) -> 0
B29: Accomodation | C29: Other | H29: =IFERROR(EventBudget345[[#This Row],[NUMBER OF UNITS]]*EventBudget345[[#This Row],[NUMBER OF DAYS / NIGHTS / SERVICE]]*EventBudget345[[#This Row],[PRICE PER UNIT]],0) -> 0
B30: Accomodation | C30: Other | H30: =IFERROR(EventBudget345[[#This Row],[NUMBER OF UNITS]]*EventBudget345[[#This Row],[NUMBER OF DAYS / NIGHTS / SERVICE]]*EventBudget345[[#This Row],[PRICE PER UNIT]],0) -> 0
B31: Subtotal Accomodation: | H31: =SUBTOTAL(9,H23:H30) -> 0
B33: Meals & Refreshments | C33: Breakfast | H33: =IFERROR(EventBudget345[[#This Row],[NUMBER OF UNITS]]*EventBudget345[[#This Row],[NUMBER OF DAYS / NIGHTS / SERVICE]]*EventBudget345[[#This Row],[PRICE PER UNIT]],0) -> 0
B34: Meals & Refreshments | C34: Lunch | H34: =IFERROR(EventBudget345[[#This Row],[NUMBER OF UNITS]]*EventBudget345[[#This Row],[NUMBER OF DAYS / NIGHTS / SERVICE]]*EventBudget345[[#This Row],[PRICE PER UNIT]],0) -> 0
B35: Meals & Refreshments | C35: Dinner | H35: =IFERROR(EventBudget345[[#This Row],[NUMBER OF UNITS]]*EventBudget345[[#This Row],[NUMBER OF DAYS / NIGHTS / SERVICE]]*EventBudget345[[#This Row],[PRICE PER UNIT]],0) -> 0
B36: Meals & Refreshments | C36: Coffee break #1 | H36: =IFERROR(EventBudget345[[#This Row],[NUMBER OF UNITS]]*EventBudget345[[#This Row],[NUMBER OF DAYS / NIGHTS / SERVICE]]*EventBudget345[[#This Row],[PRICE PER UNIT]],0) -> 0
B37: Meals & Refreshments | C37: Coffee break #2 | H37: =IFERROR(EventBudget345[[#This Row],[NUMBER OF UNITS]]*EventBudget345[[#This Row],[NUMBER OF DAYS / NIGHTS / SERVICE]]*EventBudget345[[#This Row],[PRICE PER UNIT]],0) -> 0
B38: Meals & Refreshments | C38: Mineral / Still water | H38: =IFERROR(EventBudget345[[#This Row],[NUMBER OF UNITS]]*EventBudget345[[#This Row],[NUMBER OF DAYS / NIGHTS / SERVICE]]*EventBudget345[[#This Row],[PRICE PER UNIT]],0) -> 0
B39: Meals & Refreshments | C39: Other | H39: =IFERROR(EventBudget345[[#This Row],[NUMBER OF UNITS]]*EventBudget345[[#This Row],[NUMBER OF DAYS / NIGHTS / SERVICE]]*EventBudget345[[#This Row],[PRICE PER UNIT]],0) -> 0
B40: Meals & Refreshments | C40: Other | H40: =IFERROR(EventBudget345[[#This Row],[NUMBER OF UNITS]]*EventBudget345[[#This Row],[NUMBER OF DAYS / NIGHTS / SERVICE]]*EventBudget345[[#This Row],[PRICE PER UNIT]],0) -> 0
B41: Subtotal Meals & Refreshments: | H41: =SUBTOTAL(9,H33:H40) -> 0
B43: Conference Service | C43: Conference room rent >60 participants | H43: =IFERROR(EventBudget345[[#This Row],[NUMBER OF UNITS]]*EventBudget345[[#This Row],[NUMBER OF DAYS / NIGHTS / SERVICE]]*EventBudget345[[#This Row],[PRICE PER UNIT]],0) -> 0
B44: Conference Service | C44: Conference room rent >20 participants | H44: =IFERROR(EventBudget345[[#This Row],[NUMBER OF UNITS]]*EventBudget345[[#This Row],[NUMBER OF DAYS / NIGHTS / SERVICE]]*EventBudget345[[#This Row],[PRICE PER UNIT]],0) -> 0
B45: Conference Service | C45: Conference room rent <10 participants | H45: =IFERROR(EventBudget345[[#This Row],[NUMBER OF UNITS]]*EventBudget345[[#This Row],[NUMBER OF DAYS / NIGHTS / SERVICE]]*EventBudget345[[#This Row],[PRICE PER UNIT]],0) -> 0
B46: Conference Service | C46: Other | H46: =IFERROR(EventBudget345[[#This Row],[NUMBER OF UNITS]]*EventBudget345[[#This Row],[NUMBER OF DAYS / NIGHTS / SERVICE]]*EventBudget345[[#This Row],[PRICE PER UNIT]],0) -> 0
B47: Conference Service | C47: Other | H47: =IFERROR(EventBudget345[[#This Row],[NUMBER OF UNITS]]*EventBudget345[[#This Row],[NUMBER OF DAYS / NIGHTS / SERVICE]]*EventBudget345[[#This Row],[PRICE PER UNIT]],0) -> 0
B48: Subtotal Conference Room: | H48: =SUBTOTAL(9,H43:H47) -> 0
B50: Equipment / Tech Support | C50: Screen | H50: =IFERROR(EventBudget345[[#This Row],[NUMBER OF UNITS]]*EventBudget345[[#This Row],[NUMBER OF DAYS / NIGHTS / SERVICE]]*EventBudget345[[#This Row],[PRICE PER UNIT]],0) -> 0
B51: Equipment / Tech Support | C51: Projector | H51: =IFERROR(EventBudget345[[#This Row],[NUMBER OF UNITS]]*EventBudget345[[#This Row],[NUMBER OF DAYS / NIGHTS / SERVICE]]*EventBudget345[[#This Row],[PRICE PER UNIT]],0) -> 0
B52: Equipment / Tech Support | C52: Speakers | H52: =IFERROR(EventBudget345[[#This Row],[NUMBER OF UNITS]]*EventBudget345[[#This Row],[NUMBER OF DAYS / NIGHTS / SERVICE]]*EventBudget345[[#This Row],[PRICE PER UNIT]],0) -> 0
B53: Equipment / Tech Support | C53: Microphones | H53: =IFERROR(EventBudget345[[#This Row],[NUMBER OF UNITS]]*EventBudget345[[#This Row],[NUMBER OF DAYS / NIGHTS / SERVICE]]*EventBudget345[[#This Row],[PRICE PER UNIT]],0) -> 0
B54: Equipment / Tech Support | C54: Headphones | H54: =IFERROR(EventBudget345[[#This Row],[NUMBER OF UNITS]]*EventBudget345[[#This Row],[NUMBER OF DAYS / NIGHTS / SERVICE]]*EventBudget345[[#This Row],[PRICE PER UNIT]],0) -> 0
B55: Equipment / Tech Support | C55: Equipment for simultaneous translation | H55: =IFERROR(EventBudget345[[#This Row],[NUMBER OF UNITS]]*EventBudget345[[#This Row],[NUMBER OF DAYS / NIGHTS / SERVICE]]*EventBudget345[[#This Row],[PRICE PER UNIT]],0) -> 0
B56: Equipment / Tech Support | C56: Printers | H56: =IFERROR(EventBudget345[[#This Row],[NUMBER OF UNITS]]*EventBudget345[[#This Row],[NUMBER OF DAYS / NIGHTS / SERVICE]]*EventBudget345[[#This Row],[PRICE PER UNIT]],0) -> 0
B57: Equipment / Tech Support | C57: Laptops | H57: =IFERROR(EventBudget345[[#This Row],[NUMBER OF UNITS]]*EventBudget345[[#This Row],[NUMBER OF DAYS / NIGHTS / SERVICE]]*EventBudget345[[#This Row],[PRICE PER UNIT]],0) -> 0
B58: Equipment / Tech Support | C58: Furniture rent | H58: =IFERROR(EventBudget345[[#This Row],[NUMBER OF UNITS]]*EventBudget345[[#This Row],[NUMBER OF DAYS / NIGHTS / SERVICE]]*EventBudget345[[#This Row],[PRICE PER UNIT]],0) -> 0
B59: Equipment / Tech Support | C59: Additional lights | H59: =IFERROR(EventBudget345[[#This Row],[NUMBER OF UNITS]]*EventBudget345[[#This Row],[NUMBER OF DAYS / NIGHTS / SERVICE]]*EventBudget345[[#This Row],[PRICE PER UNIT]],0) -> 0
B60: Equipment / Tech Support | C60: Other | H60: =IFERROR(EventBudget345[[#This Row],[NUMBER OF UNITS]]*EventBudget345[[#This Row],[NUMBER OF DAYS / NIGHTS / SERVICE]]*EventBudget345[[#This Row],[PRICE PER UNIT]],0) -> 0
B61: Equipment / Tech Support | C61: Other | H61: =IFERROR(EventBudget345[[#This Row],[NUMBER OF UNITS]]*EventBudget345[[#This Row],[NUMBER OF DAYS / NIGHTS / SERVICE]]*EventBudget345[[#This Row],[PRICE PER UNIT]],0) -> 0
B62: Subtotal Equipment / Tech Support: | H62: =SUBTOTAL(9,H50:H61) -> 0
B64: Event Materials | C64: Name tags/ Badges | H64: =IFERROR(EventBudget345[[#This Row],[NUMBER OF UNITS]]*EventBudget345[[#This Row],[NUMBER OF DAYS / NIGHTS / SERVICE]]*EventBudget345[[#This Row],[PRICE PER UNIT]],0) -> 0
B65: Event Materials | C65: Table signs | H65: =IFERROR(EventBudget345[[#This Row],[NUMBER OF UNITS]]*EventBudget345[[#This Row],[NUMBER OF DAYS / NIGHTS / SERVICE]]*EventBudget345[[#This Row],[PRICE PER UNIT]],0) -> 0
B66: Event Materials | C66: Flipcharts | H66: =IFERROR(EventBudget345[[#This Row],[NUMBER OF UNITS]]*EventBudget345[[#This Row],[NUMBER OF DAYS / NIGHTS / SERVICE]]*EventBudget345[[#This Row],[PRICE PER UNIT]],0) -> 0
B67: Event Materials | C67: Printing materials / Handouts | H67: =IFERROR(EventBudget345[[#This Row],[NUMBER OF UNITS]]*EventBudget345[[#This Row],[NUMBER OF DAYS / NIGHTS / SERVICE]]*EventBudget345[[#This Row],[PRICE PER UNIT]],0) -> 0
B68: Event Materials | C68: Certificates | H68: =IFERROR(EventBudget345[[#This Row],[NUMBER OF UNITS]]*EventBudget345[[#This Row],[NUMBER OF DAYS / NIGHTS / SERVICE]]*EventBudget345[[#This Row],[PRICE PER UNIT]],0) -> 0
B69: Event Materials | C69: Pens | H69: =IFERROR(EventBudget345[[#This Row],[NUMBER OF UNITS]]*EventBudget345[[#This Row],[NUMBER OF DAYS / NIGHTS / SERVICE]]*EventBudget345[[#This Row],[PRICE PER UNIT]],0) -> 0
B70: Event Materials | C70: Markers | H70: =IFERROR(EventBudget345[[#This Row],[NUMBER OF UNITS]]*EventBudget345[[#This Row],[NUMBER OF DAYS / NIGHTS / SERVICE]]*EventBudget345[[#This Row],[PRICE PER UNIT]],0) -> 0
B71: Event Materials | C71: Notebooks | H71: =IFERROR(EventBudget345[[#This Row],[NUMBER OF UNITS]]*EventBudget345[[#This Row],[NUMBER OF DAYS / NIGHTS / SERVICE]]*EventBudget345[[#This Row],[PRICE PER UNIT]],0) -> 0
B72: Event Materials | C72: Paper A4 | H72: =IFERROR(EventBudget345[[#This Row],[NUMBER OF UNITS]]*EventBudget345[[#This Row],[NUMBER OF DAYS / NIGHTS / SERVICE]]*EventBudget345[[#This Row],[PRICE PER UNIT]],0) -> 0
B73: Event Materials | C73: Stickers | H73: =IFERROR(EventBudget345[[#This Row],[NUMBER OF UNITS]]*EventBudget345[[#This Row],[NUMBER OF DAYS / NIGHTS / SERVICE]]*EventBudget345[[#This Row],[PRICE PER UNIT]],0) -> 0
B74: Event Materials | C74: Tapes | H74: =IFERROR(EventBudget345[[#This Row],[NUMBER OF UNITS]]*EventBudget345[[#This Row],[NUMBER OF DAYS / NIGHTS / SERVICE]]*EventBudget345[[#This Row],[PRICE PER UNIT]],0) -> 0
B75: Event Materials | C75: Other | H75: =IFERROR(EventBudget345[[#This Row],[NUMBER OF UNITS]]*EventBudget345[[#This Row],[NUMBER OF DAYS / NIGHTS / SERVICE]]*EventBudget345[[#This Row],[PRICE PER UNIT]],0) -> 0
B76: Event Materials | C76: Other | H76: =IFERROR(EventBudget345[[#This Row],[NUMBER OF UNITS]]*EventBudget345[[#This Row],[NUMBER OF DAYS / NIGHTS / SERVICE]]*EventBudget345[[#This Row],[PRICE PER UNIT]],0) -> 0
B77: Subtotal Event Materials: | H77: =SUBTOTAL(9,H64:H76) -> 0
B79: Additional Services | C79: Interpreters | H79: =IFERROR(EventBudget345[[#This Row],[NUMBER OF UNITS]]*EventBudget345[[#This Row],[NUMBER OF DAYS / NIGHTS / SERVICE]]*EventBudget345[[#This Row],[PRICE PER UNIT]],0) -> 0
B80: Additional Services | C80: Photographers | H80: =IFERROR(EventBudget345[[#This Row],[NUMBER OF UNITS]]*EventBudget345[[#This Row],[NUMBER OF DAYS / NIGHTS / SERVICE]]*EventBudget345[[#This Row],[PRICE PER UNIT]],0) -> 0
B81: Additional Services | C81: Videographer | H81: =IFERROR(EventBudget345[[#This Row],[NUMBER OF UNITS]]*EventBudget345[[#This Row],[NUMBER OF DAYS / NIGHTS / SERVICE]]*EventBudget345[[#This Row],[PRICE PER UNIT]],0) -> 0
B82: Additional Services | C82: Music / DJ | H82: =IFERROR(EventBudget345[[#This Row],[NUMBER OF UNITS]]*EventBudget345[[#This Row],[NUMBER OF DAYS / NIGHTS / SERVICE]]*EventBudget345[[#This Row],[PRICE PER UNIT]],0) -> 0
B83: Additional Services | C83: Security Service | H83: =IFERROR(EventBudget345[[#This Row],[NUMBER OF UNITS]]*EventBudget345[[#This Row],[NUMBER OF DAYS / NIGHTS / SERVICE]]*EventBudget345[[#This Row],[PRICE PER UNIT]],0) -> 0
B84: Additional Services | C84: Decorations | H84: =IFERROR(EventBudget345[[#This Row],[NUMBER OF UNITS]]*EventBudget345[[#This Row],[NUMBER OF DAYS / NIGHTS / SERVICE]]*EventBudget345[[#This Row],[PRICE PER UNIT]],0) -> 0
B85: Additional Services | C85: Other | H85: =IFERROR(EventBudget345[[#This Row],[NUMBER OF UNITS]]*EventBudget345[[#This Row],[NUMBER OF DAYS / NIGHTS / SERVICE]]*EventBudget345[[#This Row],[PRICE PER UNIT]],0) -> 0
B86: Additional Services | C86: Other | H86: =IFERROR(EventBudget345[[#This Row],[NUMBER OF UNITS]]*EventBudget345[[#This Row],[NUMBER OF DAYS / NIGHTS / SERVICE]]*EventBudget345[[#This Row],[PRICE PER UNIT]],0) -> 0
B87: Subtotal Additional Services: | H87: =SUBTOTAL(9,H79:H86) -> 0
B89: Subtotal Event Amount: | H89: =SUBTOTAL(9,H14:H87) -> 0
B91: Logistic Support | C91: Support during the event | H91: =IFERROR(EventBudget345[[#This Row],[NUMBER OF UNITS]]*EventBudget345[[#This Row],[NUMBER OF DAYS / NIGHTS / SERVICE]]*EventBudget345[[#This Row],[PRICE PER UNIT]],0) -> 0
B92: Logistic Support | C92: Logistic service commission | H92: =IFERROR(EventBudget345[[#This Row],[NUMBER OF UNITS]]*EventBudget345[[#This Row],[NUMBER OF DAYS / NIGHTS / SERVICE]]*EventBudget345[[#This Row],[PRICE PER UNIT]],0) -> 0
B93: Logistic Support | C93: Other | H93: =IFERROR(EventBudget345[[#This Row],[NUMBER OF UNITS]]*EventBudget345[[#This Row],[NUMBER OF DAYS / NIGHTS / SERVICE]]*EventBudget345[[#This Row],[PRICE PER UNIT]],0) -> 0
B94: Logistic Support | C94: Other | H94: =IFERROR(EventBudget345[[#This Row],[NUMBER OF UNITS]]*EventBudget345[[#This Row],[NUMBER OF DAYS / NIGHTS / SERVICE]]*EventBudget345[[#This Row],[PRICE PER UNIT]],0) -> 0
B95: Logistic Support | C95: Other | H95: =IFERROR(EventBudget345[[#This Row],[NUMBER OF UNITS]]*EventBudget345[[#This Row],[NUMBER OF DAYS / NIGHTS / SERVICE]]*EventBudget345[[#This Row],[PRICE PER UNIT]],0) -> 0
B96: Subtotal Logistic Support: | H96: =SUBTOTAL(9,H91:H95) -> 0

Sheet List of Units
B2: Travel | C2: Accomodation | D2: Meals & Refreshments | E2: Conference Service | F2: Equipment / Tech Support | G2: Event Materials | H2: Additional Services | I2: Logistic Support
B3: Person | C3: Person | D3: Person | E3: Person | F3: Person | G3: Person | H3: Person | I3: Person
B4: Ticket | C4: N/A | D4: Item | E4: Room | F4: Item | G4: Item | H4: Service | I4: %
B5: Car / Van | D5: N/A | E5: Service | F5: Service | G5: Service | H5: N/A | I5: Fixed rate
B6: Km | E6: N/A | F6: N/A | G6: N/A | I6: N/A
B7: N/A
